 Dungeon Crawl Stone Soup version 0.22.1-1-ga44c0e56f4 (webtiles) character file.

12664 Cykl0x the Cleaver (level 11, -5/69 HPs)
             Began as a Gargoyle Fighter on Nov 9, 2018.
             Was a High Priest of Okawaru.
             Slain by chimenez's ghost (18 damage)
             ... on level 11 of the Dungeon.
             The game lasted 00:28:52 (9856 turns).

Cykl0x the Cleaver (Gargoyle Fighter)               Turns: 9856, Time: 00:28:53

Health: -5/69      AC: 26    Str: 21    XL:     11   Next: 96%
Magic:  6/11       EV:  6    Int: 10    God:    Okawaru [*****.]
Gold:   674        SH: 14    Dex: 12    Spells: 10/10 levels left

rFire    + + .     SeeInvis .   K - +1 broad axe
rCold    + + .     Gourm    .   c - +2 shield
rNeg     + . .     Faith    .   e - +0 plate armour
rPois    ∞         Spirit   .   G - +0 helmet
rElec    +         Reflect  .   E - scarf {repulsion}
rCorr    +         Harm     .   A - +0 pair of gloves of Theory {rF+ rC++ Dex+2 Stlth+}
MR       .....                  n - +1 pair of boots
Stlth    ..........             (no amulet)
HPRegen  0.21/turn              D - ring of protection from fire
MPRegen  0.12/turn              b - ring of resist corrosion

@: repel missiles
A: negative energy resistance 1, electricity resistance, unbreathing,
petrification resistance, rot immunity, AC +8
a: Heroism, Finesse, Renounce Religion


You were on level 11 of the Dungeon.
You worshipped Okawaru.
Okawaru was extremely pleased with you.
You were not hungry.

You visited 2 branches of the dungeon, and saw 12 of its levels.

You collected 674 gold pieces.

Inventory:

Hand Weapons
 a - a +3 war axe
 F - a +0 whip of flaming
 K - a +1 broad axe (weapon)
Missiles
 w - 16 tomahawks
 y - 6 javelins (quivered)
 L - 8 javelins of returning
Armour
 c - a +2 shield (worn)
 e - a +0 plate armour (worn)
 n - a +1 pair of boots (worn)
 A - the +0 pair of gloves of Theory (worn) {rF+ rC++ Dex+2 Stlth+}
   (You found it on level 5 of the Dungeon)

   It affects your dexterity (+2).
   It protects you from fire.
   It greatly protects you from cold.
   It makes you more stealthy.
 E - a scarf of repulsion (worn)
 G - a +0 helmet (worn)
Jewellery
 b - a ring of resist corrosion (right hand)
 p - an uncursed amulet of faith
 D - a ring of protection from fire (left hand)
 O - an uncursed ring of protection from magic {unknown}
Wands
 t - a wand of paralysis (17)
 x - a wand of flame (28)
 z - a wand of acid (14)
 J - a wand of polymorph (15)
Scrolls
 i - 5 scrolls of teleportation
 l - a scroll of random uselessness
 r - 2 scrolls of amnesia
 v - a scroll of remove curse
 P - a scroll of fog
Potions
 d - a potion of might
 h - a potion of magic
 j - 2 potions of ambrosia
 k - a potion of berserk rage
 m - 3 potions of flight
 o - 2 potions of invisibility
 q - 9 potions of curing
 s - 3 potions of cancellation
 u - a potion of resistance
 B - 5 potions of mutation {unknown}
 C - 2 potions of agility
 H - a potion of lignification {unknown}
 I - 2 potions of degeneration {unknown}
 M - 2 potions of haste {unknown}
Comestibles
 f - 18 rations


   Skills:
 + Level 8.6 Fighting
 + Level 11.7 Axes
 + Level 1.0 Throwing
 + Level 8.0 Armour
 + Level 2.0 Dodging
 + Level 3.1 Stealth
 + Level 10.2 Shields


You had 10 spell levels left.
You didn't know any spells.
Your spell library contained the following spells:

 Spells                   Type           Power        Failure   Level  Hunger
 Confusing Touch          Hex            #.....       100%        1    ##.....
 Confuse                  Hex            #.......     100%        3    ####...
 Gell's Gravitas          Tloc           #.........   100%        3    ####...
 Petrify                  Tmut/Erth      #.......     100%        4    #####..
 Metabolic Englaciation   Hex/Ice        #.........   100%        5    ######.
 Yara's Violent Unravell  Hex/Tmut       #.........   100%        5    ######.


Dungeon Overview and Level Annotations

Branches:
Dungeon (11/15)            Temple (1/1) D:6            Lair (0/6) D:11
    Orc (0/2) D:10

Altars:
Ashenzari
Cheibriados
Dithmenos
Elyvilon
Gozag
Hepliaklqana
Kikubaaqudgha
Makhleb
Nemelex Xobeh
Okawaru
Ru
Sif Muna
Trog
Vehumet
Wu Jian
Yredelemnul
Zin
The Shining One
Beogh

Shops:
D:4 %

Annotations:
D:7 1 runed door
D:11 chimenez's ghost, journeyman TrBe


Innate Abilities, Weirdness & Mutations

You are resistant to torment.
Your stone body is resilient. (AC +8)
You are immune to poison.
You resist negative energy. (rN+)
You are resistant to electric shocks. (rElec)
You can survive without breathing.
You are immune to petrification.
You are immune to rotting.


Message History

Your shield and plate armour prevent you from hitting chimenez's ghost.
Chimenez's ghost is severely damaged.
Chimenez's ghost hits you!
* * * LOW HITPOINT WARNING * * *
Your shield and plate armour prevent you from hitting chimenez's ghost.
Chimenez's ghost is severely damaged.
You block chimenez's ghost's attack.
You hit chimenez's ghost.
Chimenez's ghost is severely damaged.
You block chimenez's ghost's attack.
You closely miss chimenez's ghost.
Chimenez's ghost is severely damaged.
You block chimenez's ghost's attack.
You closely miss chimenez's ghost.
Chimenez's ghost is severely damaged.
Chimenez's ghost hits you but does no damage.
You miss chimenez's ghost.
Chimenez's ghost is severely damaged.
Chimenez's ghost hits you!!
You die...

#........... #####...# #
#...)....#.# .........
#.###........#.#####
.........
#...†....[...#...!.
.....<...
#.###...###..#..####
###.#...# #
#..##⌠##.......# #.#...#
....##...##...##.# #.#..>#
#..##..%..##..##.##.
#.#...#
#..#⌠.!♣...W@.......
#.#...#
....##..!..##..##.###
#...... ##...##...##..###.#
#.###.#
...##⌠##...###.######.###.#
..###....................
......##.###.######.##..#
#..## #.# #.# #.##... ##.
#.# #.# #...... # ..# #.#
#.##...


You could see chimenez's ghost.

Vanquished Creatures
  2 two-headed ogres (D:11)
  Urug (D:10)
  Pikel (D:6)
  A cyclops (D:11)
  Joseph (D:7)
  2 trolls
  2 hippogriffs (D:9)
  A wraith (D:11)
  15 yaks
  A shadow (D:11)
  A wyvern (D:9)
  A basilisk (D:11)
  Menkaure (D:5)
  An acid dragon (D:11)
  3 water moccasins
  Duvessa (D:7)
  3 porcupines (D:11)
  2 sky beasts (D:8)
  6 orc warriors
  2 ice beasts
  2 phantoms
  4 black bears
  2 ogres
  A necrophage (D:8)
  2 centaurs
  3 crocodiles
  A big kobold (D:7)
  Blork the orc (D:4)
  7 bullfrogs
  Dowan (D:7)
  3 scorpions (D:7)
  A wyvern skeleton (D:9)
  7 killer bees
  4 wights (D:7)
  2 bullfrog zombies
  7 crimson imps
  2 quasits
  A centaur zombie (D:10)
  A centaur skeleton (D:4)
  4 hounds
  2 jellies
  Crazy Yiuf (D:4)
  7 orc priests
  A bullfrog skeleton (D:6)
  7 orc wizards
  11 worker ants
  4 iguanas
  Ijyb (D:4)
  4 gnolls (D:5)
  A howler monkey skeleton (D:10)
  A river rat (D:6)
  13 adders
  3 shadow imps
  4 worms
  2 dart slugs
  3 leopard geckos
  51 orcs
  10 bats
  10 giant cockroaches
  5 goblins
  6 hobgoblins
  8 jackals
  6 quokkas
  2 ball pythons
  A ball python skeleton (D:6)
  2 frilled lizards
  A jackal skeleton (D:4)
  8 kobolds
  9 rats
288 creatures vanquished.

Vanquished Creatures (others)
  An orc wizard (D:6)
  An orc (D:6)
  6 fungi
  15 plants (D:11)
23 creatures vanquished.

Grand Total: 311 creatures vanquished

Notes
Turn   | Place    | Note
-------+----------+-------------------------------------------
     0 | D:1      | Cykl0x the Gargoyle Fighter began the quest for the Orb.
     0 | D:1      | Reached XP level 1. HP: 14/14 MP: 1/1
   245 | D:1      | Reached XP level 2. HP: 16/19 MP: 2/2
   869 | D:2      | Reached skill level 2 in Axes
   869 | D:2      | Reached XP level 3. HP: 22/24 MP: 3/3
  1654 | D:3      | Reached XP level 4. HP: 27/29 MP: 4/4
  1678 | D:3      | Found a faded altar of an unknown god.
  1704 | D:3      | Reached skill level 1 in Dodging
  1747 | D:3      | Reached XP level 5. HP: 27/33 MP: 5/5
  1752 | D:3      | Reached skill level 3 in Axes
  2388 | D:4      | Noticed Ijyb
  2405 | D:4      | Killed Ijyb
  2405 | D:4      | Reached XP level 6. HP: 16/38 MP: 6/6
  2665 | D:4      | Found a shattered altar of Ashenzari.
  2730 | D:4      | Noticed Blork the orc
  2736 | D:4      | Killed Blork the orc
  2736 | D:4      | Reached skill level 4 in Axes
  2847 | D:4      | Found Kuthepp's Food Shoppe.
  3333 | D:4      | Found a runed door.
  3337 | D:4      | Noticed Crazy Yiuf
  3406 | D:4      | Killed Crazy Yiuf
  3406 | D:4      | Reached XP level 7. HP: 25/44 MP: 7/7
  3426 | D:4      | Got a twisted mace
  3427 | D:4      | Identified the +8 mace "Weogod" {elec, rPois Str-5 Dex+4}
                  | (You found it on level 4 of the Dungeon)
  3492 | D:5      | Entered Level 5 of the Dungeon
  3525 | D:5      | Got a pair of spiked gloves
  3531 | D:5      | Identified the cursed +0 pair of gloves of Theory {rF+ rC++
                  | Dex+2 Stlth+} (You found it on level 5 of the Dungeon)
  3566 | D:5      | Reached skill level 5 in Shields
  3571 | D:5      | Noticed Menkaure
  3584 | D:5      | Killed Menkaure
  3584 | D:5      | Reached skill level 5 in Axes
  3699 | D:5      | Reached skill level 1 in Stealth
  3816 | D:5      | Found a burning altar of Makhleb.
  3993 | D:6      | Reached XP level 8. HP: 48/48 MP: 8/8
  3995 | D:6      | Found a staircase to the Ecumenical Temple.
  4017 | Temple   | Entered the Ecumenical Temple
  4050 | Temple   | Became a worshipper of Warmaster Okawaru
  4112 | D:6      | Reached skill level 6 in Axes
  4155 | D:6      | Noticed Pikel
  4191 | D:6      | Killed Pikel
  4191 | D:6      | Reached * piety under Okawaru
  4191 | D:6      | Reached skill level 5 in Fighting
  4191 | D:6      | Reached skill level 5 in Armour
  4238 | D:6      | Reached skill level 7 in Axes
  4291 | D:6      | Reached XP level 9. HP: 51/54 MP: 9/9
  4595 | D:6      | Found an iron altar of Okawaru.
  5173 | D:7      | Noticed Joseph
  5203 | D:7      | Reached ** piety under Okawaru
  5208 | D:7      | Killed Joseph
  5208 | D:7      | Reached skill level 8 in Axes
  5555 | D:7      | Found a runed door.
  5559 | D:7      | Noticed Duvessa
  5559 | D:7      | Noticed Dowan
  5570 | D:7      | Killed Duvessa
  5577 | D:7      | Killed Dowan
  5588 | D:7      | Found a runed door.
  5635 | D:7      | Identified a scroll of acquirement
  5737 | D:7      | Reached *** piety under Okawaru
  5788 | D:7      | Found an ancient bone altar of Kikubaaqudgha.
  5788 | D:7      | Found an ornate altar of the Wu Jian Council.
  5791 | D:7      | Found a shadowy altar of Dithmenos.
  5794 | D:7      | Found a basalt altar of Yredelemnul.
  5925 | D:7      | Reached skill level 9 in Axes
  5977 | D:7      | Reached XP level 10. HP: 60/60 MP: 10/10
  7451 | D:9      | Reached **** piety under Okawaru
  7793 | D:9      | Reached skill level 10 in Axes
  7816 | D:9      | Received a gift from Okawaru
  8018 | D:10     | Entered Level 10 of the Dungeon
  8117 | D:10     | Noticed Urug
  8144 | D:10     | Killed Urug
  8144 | D:10     | Reached skill level 1 in Throwing
  8395 | D:10     | Reached XP level 11. HP: 65/67 MP: 11/11
  8550 | D:10     | Reached ***** piety under Okawaru
  8708 | D:10     | Found a staircase to the Orcish Mines.
  8709 | D:10     | Found a roughly hewn altar of Beogh.
  8876 | D:11     | Noticed a two-headed ogre
  8913 | D:11     | Killed a two-headed ogre
  8919 | D:11     | Received a gift from Okawaru
  8919 | D:11     | Reached skill level 11 in Axes
  9190 | D:11     | Found a staircase to the Lair.
  9331 | D:11     | Received a gift from Okawaru
  9508 | D:11     | Noticed a cyclops
  9511 | D:11     | Noticed a two-headed ogre
  9536 | D:11     | Killed a two-headed ogre
  9536 | D:11     | Received a gift from Okawaru
  9536 | D:11     | Reached skill level 10 in Shields
  9547 | D:11     | Killed a cyclops
  9762 | D:11     | Noticed chimenez's ghost (journeyman TrBe)
  9763 | D:11     | Found a runed door.
  9856 | D:11     | Slain by chimenez's ghost

Skill      XL: |  1  2  3  4  5  6  7  8  9 10 11 |
---------------+----------------------------------+-----
Axes           | 2 3 4 5 7 9 10 11 | 11.7
Shields        | 4 5 6 7 9 10 | 10.2
Dodging        | 1 2 |  2.0
Armour         | 4 5 6 7 8 |  8.0
Fighting       | 4 5 6 7 8 |  8.6
Stealth        | 1 3 |  3.1
Throwing       | 1 |  1.0

Action                   |  1- 3 |  4- 6 |  7- 9 | 10-12 || total
-------------------------+-------+-------+-------+-------++-------
Melee: War axe           |   111 |   143 |   345 |   221 ||   820
       Mace              |       |       |     3 |       ||     3
       Broad axe         |       |       |       |   395 ||   395
Throw: Javelin           |     2 |     9 |     4 |     6 ||    21
       Tomahawk          |       |     1 |     1 |     1 ||     3
Invok: Heroism           |       |       |       |     1 ||     1
       Finesse           |       |       |       |     1 ||     1
Evoke: Wand              |       |       |       |     2 ||     2
  Use: Scroll            |     6 |     7 |     4 |    11 ||    28
       Potion            |       |       |     1 |     4 ||     5
  Eat: Chunk             |     2 |     6 |     5 |    11 ||    24
       Ration            |       |       |     1 |     1 ||     2
Armor: Scale mail        |    93 |    24 |       |       ||   117
       Chain mail        |       |    68 |   257 |    12 ||   337
       Plate armour      |       |       |       |   299 ||   299
Dodge: Dodged            |    52 |    40 |    82 |   106 ||   280
       Deflected         |       |       |     1 |     3 ||     4
Block: Shield            |    69 |    92 |   217 |   356 ||   734
